 Dungeon Crawl Stone Soup version 0.29.1-15-g9cfb28693d (webtiles) character file.

Game seed: 4693412576219006173

130 Heoruswealwe the Magician (level 4, -2/24 HPs)
             Began as a Deep Elf Earth Elementalist on Apr 13, 2023.
             Slain by a gnoll
             ... wielding a +0 whip
              (6 damage)
             ... on level 3 of the Dungeon.
             The game lasted 00:21:33 (1978 turns).

Heoruswealwe the Magician (DEEE)                    Turns: 1978, Time: 00:21:34

Health: -2/24      AC:  2    Str:  5    XL:     4   Next: 90%
Magic:  4/13       EV: 12    Int: 22    God:
Gold:   39         SH:  0    Dex: 15    Spells: 3/13 levels left

rFire   . . .      SeeInvis .   (no weapon)
rCold   . . .      Faith    .   (no shield)
rNeg    . . .      Spirit   .   c - +0 robe
rPois   .          Reflect  .   (no helmet)
rElec   .          Harm     .   d - +0 cloak
rCorr   .          Rampage  .   (no gloves)
Will    .....                   (no boots)
Stlth   ++........              (no amulet)
HPRegen 0.08/turn               (no ring)
MPRegen 0.13/turn               (no ring)

@: no status effects
A: deformed body, deterioration 1, no potion heal 1
a: no special abilities


You were on level 3 of the Dungeon.
You visited 1 branch of the dungeon, and saw 3 of its levels.

You collected 91 gold pieces.
You spent 52 gold pieces at shops.

Inventory:

Armour
 c - a +0 robe (worn)
 d - a +0 cloak (worn)
Scrolls
 g - 3 scrolls of blinking
 i - a scroll of magic mapping
 k - a scroll of enchant weapon
 m - a scroll of teleportation {unknown}
Potions
 a - a potion of heal wounds
 b - a potion of magic
 e - a potion of berserk rage {unknown}
 f - 2 potions of flight {unknown}
 h - a potion of cancellation {unknown}
 j - a potion of resistance {unknown}
 l - a potion of curing {unknown}
 n - a potion of invisibility {unknown}


   Skills:
 - Level 2.4 Dodging
 - Level 2.4 Stealth
 + Level 5.3 Spellcasting
 - Level 1.1 Transmutations
 + Level 5.0 Earth Magic


You had 3 spell levels left.
You knew the following spells:

 Your Spells              Type           Power      Damage    Failure   Level
a - Sandblast             Erth           54%        2d13      1%          1
b - Stone Arrow           Conj/Erth      32%        3d9       11%         3
c - Petrify               Tmut/Erth      19%        N/A       28%         4
z - Passwall              Tmut/Erth      15%        N/A       4%          2

Your spell library contained the following spells:

 Spells                   Type           Power      Damage    Failure   Level
 Sting                    Tmut/Pois      32%        1d4       8%          1
 Poisonous Vapours        Pois/Air       10%        N/A       16%         2
 Olgreb's Toxic Radiance  Pois           5%         N/A       69%         4


Dungeon Overview and Level Annotations

Branches:
Dungeon (3/15)

Altars:
Jiyva

Shops:
D:3 ?


Innate Abilities, Weirdness & Mutations

Armour fits poorly on your strangely shaped body.
Your body sometimes deteriorates upon taking damage.
Potions are less effective at restoring your health.


Message History

a +0 hand axe of flaming; an orc corpse You see here a +0 mace of holy wrath.
A gnoll comes into view. It is wielding a +0 flail.
A gnoll comes into view. It is wielding a +0 spear.
The gnoll shouts!
A gnoll comes into view. It is wielding a +0 whip.
You can't see any susceptible monsters within range! (Use Z to cast anyway.)
Found a glowing plate armour.
The blast of sand hits the gnoll!
The gnoll is severely wounded.
The gnoll shouts! x2
The blast of sand hits the gnoll.
The gnoll is almost dead.
The gnoll closely misses you.
The blast of sand hits the gnoll!
You kill the gnoll!
The gnoll hits you with a +0 whip.
The blast of sand hits the gnoll.
The gnoll is moderately wounded.
The gnoll misses you. The gnoll hits you with a +0 flail!
* * * LOW HITPOINT WARNING * * *
You are too injured to fight recklessly!
Casting: Sandblast (safe; 1% risk of failure)
Confirm with . or Enter, or press ? or * to list all spells.
Aiming: Sandblast (safe; 1% risk of failure)
Press: ? - help, Shift-Dir - straight line, f/p - gnoll
Aim: a gnoll, wielding a +0 flail (moderately wounded, 85% to hit)
The blast of sand hits the gnoll!
You kill the gnoll!
The gnoll barely misses you. The gnoll completely misses you.
Your Earth Magic skill increases to level 5!
Casting: Sandblast (safe; 1% risk of failure)
Confirm with . or Enter, or press ? or * to list all spells.
Aiming: Sandblast (safe; 1% risk of failure)
Press: ? - help, Shift-Dir - straight line, f - gnoll
Aim: a gnoll, wielding a +0 whip (85% to hit)
The blast of sand hits the gnoll!
The gnoll is severely wounded.
The gnoll hits you with a +0 whip.
You die...

#....... #####.....#.
#...........
.#######......###.# #
...............##.. .[
#####....####....#
###.########.#.####.....
......)..>..)..).))..#.#
.....)g@.......#####....
...~≈~≈~.~~~≈..# ###..
...~≈≈≈~.~≈≈~..# ###
#..≈≈≈≈≈.~≈≈~.##
#..~~≈~~.~≈≈≈.#
#........~≈≈~.#
#..~~≈~.......#
#..~≈≈~.~~≈~~.#


You could see a gnoll.

Vanquished Creatures
  A jelly (D:2)
  2 gnolls (D:3)
  An adder (D:2)
  An ufetubus (D:3)
  2 worms (D:2)
  2 dart slugs (D:1)
  3 orcs (D:3)
  4 bats
  5 endoplasms
  3 giant cockroaches (D:1)
  6 goblins
  3 hobgoblins
  6 jackals (D:2)
  3 frilled lizards
  7 kobolds
  6 rats
55 creatures vanquished.

Notes
Turn   | Place    | Note
-------+----------+-------------------------------------------
     0 | D:1      | Heoruswealwe the Deep Elf Earth Elementalist began the
                  | quest for the Orb.
     0 | D:1      | Reached XP level 1. HP: 10/10 MP: 6/6
   162 | D:1      | Reached XP level 2. HP: 13/15 MP: 1/8
   165 | D:1      | Learned a level 2 spell: Passwall
   779 | D:1      | Reached XP level 3. HP: 19/19 MP: 7/10
   783 | D:1      | Learned a level 3 spell: Stone Arrow
  1227 | D:2      | Reached XP level 4. HP: 24/24 MP: 8/12
  1232 | D:2      | Learned a level 4 spell: Petrify
  1609 | D:2      | Found a faded altar of an unknown god.
  1675 | D:2      | Prayed at the altar of an unknown god.
  1675 | D:2      | Became a worshipper of Jiyva Jaigef the Shapeless
  1675 | D:2      | Reached * piety under Jiyva
  1677 | D:2      | Fell from the grace of Jiyva
  1778 | D:3      | Found Pilis's Magic Scroll Shop.
  1782 | D:3      | Reached skill level 5 in Spellcasting
  1821 | D:3      | Gained mutation: Armour fits poorly on your strangely
                  | shaped body. [mutagenic glow]
  1837 | D:3      | Gained mutation: Potions are less effective at restoring
                  | your health. [mutagenic glow]
  1845 | D:3      | Bought a scroll of identify for 26 gold pieces
  1845 | D:3      | Bought a scroll of identify for 26 gold pieces
  1849 | D:3      | Gained mutation: Your body sometimes deteriorates upon
                  | taking damage. [mutagenic glow]
  1978 | D:3      | Reached skill level 5 in Earth Magic
  1978 | D:3      | Slain by a gnoll

Illustrated notes

Levels and vault maps discovered:
D:1:      spicycebolla_arrival_risky_transporter, layout_basic
D:2:      layout_basic, hellmonk_ecumenical_altar_dog_temple,
          minmay_misc_feat_nine_boxes
D:3:      layout_rooms, serial_shops, nicolae_square_shop, serial_bayou_ford_a,
          minivault_14, minmay_misc_feat_pillars

Skill      XL: |  1  2  3  4 |
---------------+-------------+-----
Earth Magic    | 4 5 |  5.0
Spellcasting   | 4 5 |  5.3
Dodging        | |  2.4
Stealth        | |  2.4
Transmutations | |  1.1

Action                   |  1- 3 |  4- 6 || total
-------------------------+-------+-------++-------
 Cast: Sandblast         |    41 |    35 ||    76
Invok: Renounce Religion |       |     1 ||     1
  Use: Scroll            |     5 |     2 ||     7
Armor: Robe              |       |     1 ||     1
Dodge: Dodged            |     3 |     4 ||     7
